 Dungeon Crawl Stone Soup version 0.18-a0-142-gfdd910a (webtiles) character file.

85 Leibowitz the Skirmisher (level 4, -1/30 HPs)
             Began as a Kobold Fighter on Nov 22, 2015.
             Slain by twist's ghost (2 damage)
             ... on level 3 of the Dungeon.
             The game lasted 00:05:37 (1683 turns).

Leibowitz the Skirmisher (Kobold Fighter)           Turns: 1683, Time: 00:05:37

Health: -1/30      AC:  3    Str: 14    XL:     4   Next: 75%
Magic:  4/4        EV: 11    Int:  6    God:
Gold:   94         SH:  9    Dex: 16    Spells: 0 memorised, 3 levels left

rFire  . . .     SeeInvis .     a - +0 rapier
rCold  . . .     Clarity  .     d - +0 leather armour (curse)
rNeg   . . .     SustAt   .     c - +0 shield
rPois  .         Gourm    .     (no helmet)
rElec  .         Spirit   .     (no cloak)
rCorr  .         Warding  .     (no gloves)
rMut   .         Stasis   .     (no boots)
MR     .....                    (no amulet)
Stlth  ++........               (no ring)
                                (no ring)

@: not resistant to hostile enchantments, unstealthy
A: carnivore 3, robust 1
a: no special abilities


You were on level 3 of the Dungeon.
You were very full.

You visited 1 branch of the dungeon, and saw 3 of its levels.

You collected 94 gold pieces.

Inventory:

Hand Weapons
 a - a +0 rapier (weapon)
Armour
 c - a +0 shield (worn)
 d - a cursed +0 leather armour (worn)
Wands
 k - a wand of confusion (25)
Scrolls
 f - a scroll of teleportation {unknown}
 g - a scroll of magic mapping {unknown}
 i - a scroll of identify
 j - a scroll of enchant armour {unknown}
Potions
 b - a potion of resistance
 e - a potion of haste
Comestibles
 h - a meat ration


   Skills:
 + Level 3.6 Fighting
 + Level 3.1 Short Blades
 + Level 2.8 Armour
 + Level 1.3 Dodging
 * Level 2.6 Stealth
 + Level 2.9 Shields


You had 3 spell levels left.
You didn't know any spells.

Dungeon Overview and Level Annotations

Branches:
Dungeon (3/15)

Altars:
Qazlal
The Shining One

Annotations:
D:3 twist's ghost, amateur DrAE


Innate Abilities, Weirdness & Mutations

You are small and have problems with some larger weapons.
You are carnivorous and can eat meat at any time.
You are robust (+10% HP).


Message History

Twist's ghost barely misses you.
You hit twist's ghost but do no damage.
Twist's ghost is severely damaged.
Twist's ghost hits you but does no damage.
You hit twist's ghost but do no damage.
Twist's ghost is severely damaged.
Twist's ghost hits you.
* * * LOW HITPOINT WARNING * * *
Twist's ghost hits you.
* * * LOW HITPOINT WARNING * * *
You closely miss twist's ghost.
Twist's ghost is severely damaged.
Twist's ghost closely misses you.
You hit twist's ghost but do no damage.
Twist's ghost is severely damaged.
You block twist's ghost's attack.
You hit twist's ghost.
Twist's ghost is severely damaged.
Twist's ghost hits you.
You die...

..#.# #.#.# ##.#.# #####
#....# ..#.# ..#.<#
#..#.##
#.<.#######.###.##
.....†...........#
.#..........###.####
.######>#....#..@W.#
.######.....#.#.##......
................# #####
.#######.#..#.###
............#.#
########.#.##.# #.#.##.#
#.#.##.# #.##.#


You could see twist's ghost.

Vanquished Creatures
  An adder (D:2)
  A gnoll (D:1)
  3 oozes
  4 worms
  4 bats
  2 goblins
  7 hobgoblins
  2 quokkas (D:2)
  A ball python (D:2)
  3 giant cockroaches
  A giant gecko (D:3)
  5 giant newts
  4 kobolds
  8 rats
46 creatures vanquished.

Vanquished Creatures (others)
  A giant gecko (D:2)
1 creature vanquished.

Grand Total: 47 creatures vanquished

Notes
Turn   | Place    | Note
--------------------------------------------------------------
     0 | D:1      | Leibowitz the Kobold Fighter began the quest for the Orb.
     0 | D:1      | Reached XP level 1. HP: 14/14 MP: 1/1
    78 | D:1      | Reached XP level 2. HP: 16/19 MP: 2/2
   209 | D:1      | Reached skill level 1 in Stealth
   222 | D:1      | Reached XP level 3. HP: 13/23 MP: 3/3
   690 | D:2      | Reached XP level 4. HP: 18/28 MP: 4/4
  1050 | D:2      | Found a stormy altar of Qazlal.
  1175 | D:2      | Reached skill level 1 in Dodging
  1365 | D:2      | Found a glowing golden altar of the Shining One.
  1430 | D:3      | Gained mutation: You are robust (+10% HP). [potion of beneficial mutation]
  1647 | D:3      | Noticed twist's ghost (amateur DrAE)
  1680 | D:3      | HP: 1/30 [twist's ghost (4)]
  1683 | D:3      | Slain by twist's ghost

Vault maps used:
D:1:      onia_arrival_handbag
D:2:      nicolae_overflow_hidden_temple, grunt_qazlal_clouds, first_bread
D:3:      gammafunk_temple_overflow_wave, eino_curves_03, lemuel_old_faithful

Action                   |  1- 3 |  4- 6 || total
-------------------------+-------+-------++-------
Melee: Rapier            |    82 |   114 ||   196
  Use: Potion            |     3 |     4 ||     7
       Scroll            |     3 |       ||     3
 Stab: Sleeping          |     2 |     3 ||     5
  Eat: Chunk             |     6 |     3 ||     9
